 Seeded DCSS version 0.25-a0-443-gece2dee (webtiles) character file.

Game seed: 4037872804680729407, levelgen mode: deterministic

138 Ayyar the Sneak (level 5, 0/41 HPs)
             Began as a Vampire Chaos Knight on Jan 30, 2020.
             Was a Plaything of Xom.
             Succumbed to an adder's poison
             ... on level 2 of the Dungeon.
             The game lasted 00:05:07 (782 turns).

Ayyar the Sneak (Vampire Chaos Knight)               Turns: 782, Time: 00:05:08

Health: 0/41       AC:  5    Str: 12    XL:     5   Next: 1%
Magic:  5/5        EV: 13    Int: 15    God:    Xom [...*..]
Gold:   79         SH:  0    Dex: 13    Spells: 4/4 levels left

rFire    . . .     SeeInvis +   g - +4 dagger
rCold    . . .     Gourm    .   (no shield)
rNeg     . . .     Faith    .   b - +2 leather armour
rPois    .         Spirit   .   (no helmet)
rElec    .         Reflect  .   (no cloak)
rCorr    .         Harm     .   (no gloves)
MR       .....                  (no boots)
Stlth    ++........             (no amulet)
HPRegen  0.33/turn              (no ring)
MPRegen  0.09/turn              (no ring)

@: lethally poisoned (0 -> -3), flying, regenerating quickly
A: no food, fangs 3, see invisible, unbreathing
a: Exsanguinate, Renounce Religion


You were on level 2 of the Dungeon.
You worshipped Xom.
You were a favourite toy of Xom.
You were alive.

You visited 1 branch of the dungeon, and saw 2 of its levels.

You collected 79 gold pieces.

Inventory:

Hand Weapons
 a - a +0 falchion of chaos
 g - a +4 dagger (weapon)
Armour
 b - a +2 leather armour (worn)
Scrolls
 d - 2 scrolls of identify {unknown}
 e - a scroll of enchant weapon {unknown}
 h - a scroll of remove curse {unknown}
 i - a scroll of enchant armour {unknown}


   Skills:
 + Level 3.3 Fighting
 + Level 0.2(2.0) Short Blades
 - Level 3.0 Long Blades
 + Level 1.7 Armour
 + Level 3.1 Dodging
 * Level 4.6 Stealth


You had 4 spell levels left.
You didn't know any spells.
Your spell library was empty.

Dungeon Overview and Level Annotations

Branches:
Dungeon (2/15)

Altars:


Innate Abilities, Weirdness & Mutations

You do not eat.
Your natural rate of healing is unusually fast.
You have razor-sharp teeth.
You have supernaturally acute eyesight. (SInv)
You can survive without breathing.


Message History

* * * LOW HITPOINT WARNING * * *
You feel sick.
It was a potion of flight.
You feel very buoyant.
You fly up into the air.
* * * LOW HITPOINT WARNING * * *
You feel sick.
* * * LOW HITPOINT WARNING * * *
You feel sick.
You see here an adder corpse.
* * * LOW HITPOINT WARNING * * *
You feel sick.
* * * LOW HITPOINT WARNING * * *
You feel sick.
* * * LOW HITPOINT WARNING * * *
You feel sick.
* * * LOW HITPOINT WARNING * * *
You feel sick.
You die...
Xom cackles wildly!

.K........#
##.........#
.# .# .# .#
###.#
##.#.######
#@#........
##....#
#...#.#
#.)#.#
#.#.## #†###
#.# #.#
#####.#


There were no monsters in sight!

Vanquished Creatures
  A swamp worm (shapeshifter) (D:1)
  2 adders (D:2)
  A dart slug (D:1)
  A bat (D:1)
  2 giant cockroaches
  A goblin (D:1)
  2 hobgoblins
  A ball python (D:1)
  A frilled lizard (D:1)
  2 kobolds (D:1)
14 creatures vanquished.

Notes
Turn   | Place    | Note
-------+----------+-------------------------------------------
     0 | D:1      | Ayyar the Vampire Chaos Knight began the quest for the Orb.
     0 | D:1      | Reached XP level 1. HP: 17/17 MP: 1/1
    67 | D:1      | Reached skill level 1 in Stealth
   109 | D:1      | XOM: harmless Summ miscast
   112 | D:1      | Noticed a glowing shapeshifter
   112 | D:1      | a dart slug changed into a glowing shapeshifter
   112 | D:1      | Noticed a swamp worm
   112 | D:1      | a glowing shapeshifter changed into a swamp worm
   118 | D:1      | Killed a swamp worm
   118 | D:1      | Reached skill level 1 in Armour
   118 | D:1      | Reached skill level 4 in Stealth
   118 | D:1      | Reached XP level 2. HP: 3/24 MP: 2/2
   118 | D:1      | Reached XP level 3. HP: 3/29 MP: 3/3
   118 | D:1      | Reached XP level 4. HP: 4/35 MP: 4/4
   344 | D:1      | XOM: 2-stop teleportation journey
   500 | D:1      | You fall into a shaft and drop 1 floor!
   764 | D:2      | XOM: enchant monster (bad)
   774 | D:2      | Reached XP level 5. HP: 6/41 MP: 5/5
   779 | D:2      | HP: 2/41 [poisoned by an adder]
   782 | D:2      | Succumbed to an adder's poison

Levels and vault maps discovered:
D:1:      minmay_arrival_loop, layout_loops_ring, minmay_pentomino_u4
D:2:      layout_loops_ring, nicolae_ashenzari_panopticon,
          nicolae_tso_swordbearing_angel, minmay_misc_feat_encased

Skill      XL: |  1 |
---------------+----+-----
Stealth        | 4 |  4.6
Fighting       | 3 |  3.3
Armour         | 1 |  1.7
Dodging        | 3 |  3.1
Short Blades   | |  0.2
Long Blades    | |  3.0

Action                   |  1- 3 |  4- 6 || total
-------------------------+-------+-------++-------
Melee: Falchion          |    18 |     1 ||    19
       Bite              |     4 |     1 ||     5
       Dagger            |       |    19 ||    19
  Use: Potion            |       |     2 ||     2
 Stab: Sleeping          |       |     4 ||     4
       Distracted        |       |     1 ||     1
Armor: Leather armour    |     6 |     1 ||     7
Dodge: Dodged            |     9 |     8 ||    17
       Rpst.: Falchion   |     6 |       ||     6

Table legend:
 A = Non-vault XP
 B = Vault XP
 C = Vault XP percentage of total XP
 D = Non-vault monster count
 E = Vault monster count
 F = Vault count percentage of total count
                 A         B        C        D         E       F
            +---------+---------+-------+---------+---------+-------
      Total |     196 |       2 |   1.0 |      13 |       1 |   7.1
            +---------+---------+-------+---------+---------+-------
        D:1 |     166 |       2 |   1.2 |       9 |       1 |  10.0
        D:2 |      30 |       0 |   0.0 |       4 |       0 |   0.0
            +---------+---------+-------+---------+---------+-------
